Map: Pylon LE

Players

SubN

  • Race: Zerg Zerg
  • League: Diamond
  • Spawn Location: 5:00

LearnedHand - Winner!

  • Race: Terran Terran
  • League: Diamond
  • Spawn Location: 11:00

VOD

Have the link to the VOD?

Description

Time

  • Played on: Aug. 5, 2025, 3:54 p.m.
  • Length: 5:13
Show
View Real Time Build Order
Export as new Build Order

SubN Zerg 

Build Orders: Hatch First 

Get SALT Encoding   

  12  0:00  Drone  
  13  0:12  Drone  
  14  0:15  Drone, Extractor  
  15  0:28  Overlord  
  15  0:43  Hatchery  
  15  0:47  Drone  
  15  0:50  Drone  
  15  0:54  Drone  
  17  1:08  Spawning Pool  
  16  1:16  Drone x2  
  18  1:30  Extractor  
  17  1:40  Drone  
  17  1:41  Drone  
  17  1:43  Drone  
  20  1:53  Overlord  
  20  1:55  Queen  
  20  2:00  Zergling x2  
  23  2:03  Zergling x2  
  23  2:23  Queen  
  23  2:24  Zergling x2  
  23  2:25  Zergling x2  
  23  2:28  Drone x2  
  29  2:32  Metabolic Boost  
  29  2:42  Drone x3  
  32  2:53  Hatchery  
  30  3:10  Drone  
  30  3:11  Drone x2  
  30  3:12  Drone  
  34  3:20  Queen  
  34  3:26  Overlord x2  
  36  3:45  Drone x9  
  45  3:54  Roach Warren  
  43  4:13  Drone x8  
  51  4:30  Extractor  
  50  4:31  Extractor  
  49  4:49  Overlord x2  
  49  4:50  Overlord x3  
  51  4:53  Spore Crawler  
  51  4:55  Drone x3  
  57  5:00  Spore Crawler  
Show
View Real Time Build Order
Export as new Build Order

LearnedHand Terran - Winner!

Build Orders: Liberator Opening 

Get SALT Encoding   

  12  0:00  SCV  
  13  0:12  SCV  
  14  0:19  Supply Depot  
  14  0:24  SCV  
  15  0:38  Refinery  
  15  0:41  SCV  
  16  0:47  Barracks  
  16  0:55  SCV  
  17  1:07  SCV  
  18  1:19  Refinery, SCV  
  20  1:34  Supply Depot, Orbital Command  
  20  1:36  Reaper  
  20  2:04  Factory, SCV  
  21  2:16  SCV  
  22  2:25  Barracks Reactor  
  22  2:28  SCV  
  23  2:35  Bunker  
  23  2:40  SCV  
  24  2:44  Command Center  
  24  3:00  Starport, Factory Tech Lab  
  24  3:10  SCV  
  24  3:11  Marine x2  
  26  3:22  SCV, Widow Mine  
  29  3:30  Supply Depot  
  29  3:39  Barracks  
  29  3:43  Barracks Tech Lab  
  29  3:51  Liberator x2  
  35  4:05  Marine  
  35  4:09  SCV  
  35  4:23  Marine  
  36  4:25  Siege Tank  
  39  4:32  Barracks Reactor  
  39  4:41  Marine  
  39  4:44  Orbital Command, SCV  
  47  4:56  SCV  
  48  5:07  Supply Depot  
  48  5:10  Supply Depot  
Tags
 
Add a new tag
Caveats
  • Supply blocks, unpowered buildings, or Contaminate may cause inaccurate times.
  • Supply counts are checked every 10 seconds.